 Dungeon Crawl Stone Soup version 0.29.0-7-g18a832c13a (webtiles) character file.

Game seed: 9700795260760633114

91 enotiy the Chopper (level 4, -7/41 HPs)
             Began as a Minotaur Berserker on Aug 31, 2022.
             Was a Believer of Trog.
             Killed from afar by Terence (11 damage)
             ... with a bolt of dispelling energy
             ... on level 3 of the Dungeon.
             The game lasted 00:17:52 (2046 turns).

enotiy the Chopper (Minotaur Berserker)             Turns: 2046, Time: 00:17:53

Health: -7/41      AC:  9    Str: 24    XL:     4   Next: 33%
Magic:  3/3        EV:  8    Int:  4    God:    Trog [**....]
Gold:   60         SH:  0    Dex:  9    Spells: 3/3 levels left

rFire   . . .      SeeInvis .   a - +0 hand axe
rCold   . . .      Faith    .   (no shield)
rNeg    . . .      Spirit   .   f - +0 chain mail
rPois   .          Reflect  .   (helmet restricted)
rElec   .          Harm     .   (no cloak)
rCorr   .          Rampage  .   (no gloves)
Will    .....                   (no boots)
Stlth   ..........              (no amulet)
HPRegen 0.13/turn               (no ring)
MPRegen 0.08/turn               (no ring)

@: no status effects
A: horns 2, retaliatory headbutt
a: Renounce Religion, Berserk, Trog's Hand


You were on level 3 of the Dungeon.
You worshipped Trog.
Trog was pleased with you.
You visited 1 branch of the dungeon, and saw 3 of its levels.

You collected 60 gold pieces.

Inventory:

Hand Weapons
 a - a +0 hand axe (weapon)
Missiles
 l - 11 stones (quivered)
Armour
 e - a +0 leather armour
 f - a +0 chain mail (worn)
Wands
 k - a wand of mindburst (14)
Scrolls
 b - a scroll of amnesia {unknown}
 c - a scroll of magic mapping {unknown}
 d - 4 scrolls of identify {unknown}
 g - a scroll of butterflies {unknown}
 h - 2 scrolls of poison {unknown}
 i - a scroll of teleportation {unknown}
 j - 2 scrolls of enchant armour {unknown}
 m - a scroll of brand weapon {unknown}


   Skills:
 + Level 4.4 Fighting
 + Level 5.0 Axes
 + Level 3.0 Armour
 + Level 2.7 Dodging


You had 3 spell levels left.
You didn't know any spells.
Your spell library was empty.

Dungeon Overview and Level Annotations

Branches:
Dungeon (3/15)

Altars:

Annotations:
D:3 Terence


Innate Abilities, Weirdness & Mutations

You have a pair of horns on your head.
You reflexively headbutt those who attack you in melee.


Message History

There is a stone staircase leading up here.
There is an escape hatch in the ceiling here.
You see here a rat corpse.
You see here a ball python corpse.
Done exploring.
Done exploring.
Search for what [Enter for "."]? .
You see here a ball python corpse.
You see here a rat corpse.
There is an escape hatch in the ceiling here.
There is a stone staircase leading down here.
Unknown command.
You climb downwards.
The ball python hisses angrily.
You hear an angry hiss.
Found a leather armour.
There is a stone staircase leading up here.
Terence the Incautious comes into view.
He is wielding a +2 hand axe of electrocution and carrying a wand of quicksilver (7).
Terence shouts!
You hear a shout!
Found a scroll labelled GARHIQIXUBU.
Terence zaps a wand.
The bolt of dispelling energy hits you!
A frilled lizard comes into view.
Terence zaps a wand.
The bolt of dispelling energy hits you!
A kobold comes into view. It is wielding a +0 short sword.
The ball python bites you but does no damage.
The ball python closely misses you.
Terence zaps a wand.
The bolt of dispelling energy misses you.
The ball python bites you but does no damage.
The ball python grabs you. The ball python constricts you.
Terence zaps a wand.
The bolt of dispelling energy hits you!!
* * * LOW HITPOINT WARNING * * *
There is a stone staircase leading up, spattered with blood here.
You escape the ball python's grasp.
The ball python barely misses you. You furiously retaliate!
You headbutt the ball python.
You kill the ball python!
Trog accepts your kill.
The dart slug briefly extends its eye-stalks.
The dart slug launches a dart at you.
The slug dart hits you but does no damage.
Terence zaps a wand.
The bolt of dispelling energy hits you!
You die...

### ..... ......
......##
.....[.K## ..l..
#..####
......##w.†.###
#...l@...@...#
...#######.##...#
#..? #... ####..
## .. .


You could see Terence, a dart slug, a kobold and a frilled lizard.

Vanquished Creatures
  4 adders (D:2)
  A worm (D:2)
  3 dart slugs (D:1)
  4 ball pythons
  4 bats
  3 endoplasms
  2 giant cockroaches (D:1)
  3 goblins (D:1)
  5 hobgoblins
  5 jackals
  A kobold (D:2)
  2 quokkas (D:1)
  A frilled lizard (D:1)
  6 rats
44 creatures vanquished.

Vanquished Creatures (others)
  6 plants (D:2)
6 creatures vanquished.

Grand Total: 50 creatures vanquished

Notes
Turn   | Place    | Note
-------+----------+-------------------------------------------
     0 | D:1      | enotiy the Minotaur Berserker began the quest for the Orb.
     0 | D:1      | Reached XP level 1. HP: 19/19 MP: 0/0
   311 | D:1      | Reached skill level 4 in Axes
   311 | D:1      | Reached XP level 2. HP: 21/27 MP: 1/1
   969 | D:1      | Reached XP level 3. HP: 33/33 MP: 2/2
  1014 | D:1      | Reached ** piety under Trog
  1588 | D:2      | Reached skill level 5 in Axes
  1588 | D:2      | Reached XP level 4. HP: 41/41 MP: 3/3
  2038 | D:3      | Noticed Terence
  2046 | D:3      | Killed from afar by Terence

Illustrated notes

Levels and vault maps discovered:
D:1:      dpeg_arrival_rooms_c, layout_loops_corners, hex_large
D:2:      layout_loops_ring, serial_bayou_pond_b, amcnicky_mini_corridor_feature
D:3:      layout_rooms, ebering_ecumenical_altar_box, ebering_ghost_sewer_f,
          chequers_avenue, uniq_terence

Skill      XL: |  1  2  3  4 |
---------------+-------------+-----
Axes           | 4 5 |  5.0
Fighting       | 4 |  4.4
Armour         | 3 |  3.0
Dodging        | |  2.7

Action                   |  1- 3 |  4- 6 || total
-------------------------+-------+-------++-------
Melee: Hand axe          |    58 |    14 ||    72
       Headbutt          |    13 |     5 ||    18
       Punch             |     2 |       ||     2
  Use: Potion            |     1 |       ||     1
 Stab: Sleeping          |     1 |       ||     1
Armor: Leather armour    |     6 |       ||     6
       Chain mail        |    29 |     8 ||    37
Dodge: Dodged            |    36 |    10 ||    46
